 Dungeon Crawl Stone Soup version 0.30.0-29-ga12c61a403 (webtiles) character file.

Game seed: 9102080424616896235

129 comborobin the Covert (level 5, 0/47 HPs)
             Began as a Gnoll Delver on June 6, 2023.
             Slain by a white imp (2 damage)
             ... on level 5 of the Dungeon.
             The game lasted 00:00:43 (250 turns).

comborobin the Covert (Gnoll Delver)                 Turns: 250, Time: 00:00:44

Health: 0/47       AC:  3    Str: 13      XL:     5   Next: 12%
Magic:  7/7        EV: 12    Int: 10      God:
Gold:   0          SH:  0    Dex: 11 (13) Spells: 6/6 levels left

rFire   . . .        a - +0 hand axe
rCold   . . .        (no shield)
rNeg    . . .        b - +0 leather armour
rPois   .            (no helmet)
rElec   .            (no cloak)
rCorr   .            (no gloves)
SInv    .            (no boots)
Will    .....        (no amulet)
Stlth   ++++         (no ring)
HPRegen 0.27/turn    (no ring)
MPRegen 0.10/turn

%: no passive effects
@: no status effects
A: fangs 1, strong nose, distributed training
a: no special abilities


You were on level 5 of the Dungeon.
You visited 1 branch of the dungeon, and saw 1 of its levels.

Inventory:

Hand Weapons
 a - a +0 hand axe (weapon)
Armour
 b - a +0 leather armour (worn)
Wands
 g - a wand of digging (3)
Scrolls
 c - a scroll of fog
 d - a scroll of magic mapping
 e - a scroll of fear


   Skills:
 + Level 6.7 Fighting
 + Level 1.4 Short Blades
 + Level 1.4 Long Blades
 + Level 4.7 Axes
 + Level 1.4 Maces & Flails
 + Level 1.4 Polearms
 + Level 1.4 Staves
 + Level 1.4 Ranged Weapons
 + Level 1.4 Throwing
 + Level 1.4 Armour
 + Level 4.7 Dodging
 + Level 9.7 Stealth
 + Level 1.4 Shields
 + Level 1.4 Unarmed Combat
 + Level 1.4 Spellcasting
 + Level 1.1 Conjurations
 + Level 1.1 Hexes
 + Level 1.1 Summonings
 + Level 1.1 Necromancy
 + Level 1.1 Translocations
 + Level 1.1 Transmutations
 + Level 1.1 Fire Magic
 + Level 1.1 Ice Magic
 + Level 1.1 Air Magic
 + Level 1.1 Earth Magic
 + Level 1.1 Poison Magic
 + Level 1.6 Invocations
 + Level 1.4 Evocations


You had 6 spell levels left.
You didn't know any spells.
Your spell library was empty.

Dungeon Overview and Level Annotations

Branches:
Dungeon (5/15)
 Temple: D:4-7

Altars:


Innate Abilities, Weirdness & Mutations

You have very sharp teeth.
Your uncanny sense of smell can sniff out nearby items.
Your experience applies equally to all skills.


Message History

The centaur is severely wounded.
You hit the white imp. The white imp barely misses you. The centaur hits you.
The centaur kicks you.
Unknown command.
You hit the centaur but do no damage.
The centaur is severely wounded.
You hit the white imp but do no damage. The white imp hits you.
* * * LOW HITPOINT WARNING * * *
The white imp freezes you.
* * * LOW HITPOINT WARNING * * *
The centaur hits you but does no damage.
The centaur barely misses you.
You barely miss the centaur.
The centaur is severely wounded.
You hit the white imp but do no damage. The white imp gestures at you.
The puff of frost misses you.
The centaur hits you but does no damage.
The centaur completely misses you.
You closely miss the centaur.
The centaur is severely wounded.
You closely miss the white imp. The white imp barely misses you.
The centaur hits you.
* * * LOW HITPOINT WARNING * * *
The centaur barely misses you.
Unknown command.
You hit the centaur.
The centaur is severely wounded.
You barely miss the white imp. The white imp gestures at you.
The puff of frost hits you.
* * * LOW HITPOINT WARNING * * *
The centaur hits you but does no damage.
The centaur barely misses you.
You hit the centaur.
The centaur is almost dead.
You hit the white imp. The white imp hits you.
* * * LOW HITPOINT WARNING * * *
The white imp freezes you.
You die...

.........)))..#.... #
.#.........†.....###.###
.....###...........#....
...#....................
.......................
....................#
#.###.............# #.#
#......###..5##
#.###....### #..@#
#........# ##..c......
.....)..## #...(..>..
#.#.##### #..#######
#...# #### ...## ...#
#### #


You could see a centaur (poisoned, slow) and a white imp.

Vanquished Creatures
  A black bear (D:5)
  A hound (D:5)
  A white imp (D:5)
  4 orcs (D:5)
  2 bats (D:5)
9 creatures vanquished.

Notes
Turn   | Place    | Note
-------+----------+-------------------------------------------
     0 | D:5      | Reached skill level 9 in Stealth
     0 | D:5      | comborobin the Gnoll Delver began the quest for the Orb.
     0 | D:5      | Reached XP level 1. HP: 23/23 MP: 1/1
    42 | D:5      | Noticed a hound
    47 | D:5      | Reached XP level 2. HP: 17/29 MP: 2/2
    51 | D:5      | Noticed a black bear
    60 | D:5      | Reached skill level 1 in Invocations
    60 | D:5      | Reached XP level 3. HP: 7/35 MP: 2/4
    73 | D:5      | Killed a black bear
    74 | D:5      | Reached skill level 1 in Short Blades
    74 | D:5      | Reached skill level 1 in Long Blades
    74 | D:5      | Reached skill level 1 in Maces & Flails
    74 | D:5      | Reached skill level 1 in Polearms
    74 | D:5      | Reached skill level 1 in Staves
    74 | D:5      | Reached skill level 1 in Ranged Weapons
    74 | D:5      | Reached skill level 1 in Throwing
    74 | D:5      | Reached skill level 1 in Armour
    74 | D:5      | Reached skill level 1 in Shields
    74 | D:5      | Reached skill level 1 in Unarmed Combat
    74 | D:5      | Reached skill level 1 in Spellcasting
    74 | D:5      | Reached skill level 1 in Conjurations
    74 | D:5      | Reached skill level 1 in Hexes
    74 | D:5      | Reached skill level 1 in Summonings
    74 | D:5      | Reached skill level 1 in Necromancy
    74 | D:5      | Reached skill level 1 in Translocations
    74 | D:5      | Reached skill level 1 in Transmutations
    74 | D:5      | Reached skill level 1 in Fire Magic
    74 | D:5      | Reached skill level 1 in Ice Magic
    74 | D:5      | Reached skill level 1 in Air Magic
    74 | D:5      | Reached skill level 1 in Earth Magic
    74 | D:5      | Reached skill level 1 in Poison Magic
    74 | D:5      | Reached skill level 1 in Evocations
    74 | D:5      | Reached XP level 4. HP: 8/41 MP: 2/6
    74 | D:5      | Reached XP level 5. HP: 9/47 MP: 2/7
   235 | D:5      | Noticed a centaur
   250 | D:5      | HP: 2/47 [white imp (2)]
   250 | D:5      | Slain by a white imp

Illustrated notes

Levels and vault maps discovered:
D:5:      kennysheep_windowed_halls, layout_rooms,
          nicolae_yredelemnul_corpse_copse, mainiacjoe_overflow_alcove_1,
          roderic_batcave, uniq_edmund

Skill      XL: |  1  2  3 |
---------------+----------+-----
Stealth        | |  9.7
Invocations    | 1 |  1.6
Short Blades   | 1 |  1.4
Long Blades    | 1 |  1.4
Maces & Flails | 1 |  1.4
Polearms       | 1 |  1.4
Staves         | 1 |  1.4
Ranged Weapons | 1 |  1.4
Throwing       | 1 |  1.4
Armour         | 1 |  1.4
Shields        | 1 |  1.4
Unarmed Combat | 1 |  1.4
Spellcasting   | 1 |  1.4
Conjurations   | 1 |  1.1
Hexes          | 1 |  1.1
Summonings     | 1 |  1.1
Necromancy     | 1 |  1.1
Translocations | 1 |  1.1
Transmutations | 1 |  1.1
Fire Magic     | 1 |  1.1
Ice Magic      | 1 |  1.1
Air Magic      | 1 |  1.1
Earth Magic    | 1 |  1.1
Poison Magic   | 1 |  1.1
Evocations     | 1 |  1.4
Fighting       | |  6.7
Axes           | |  4.7
Dodging        | |  4.7

Action                     |  1- 3 |  4- 6 || total
---------------------------+-------+-------++-------
  Melee: Hand axe          |    20 |     9 ||    29
         Bite              |     3 |     1 ||     4
  Throw: Dart              |     3 |     3 ||     6
    Use: Potion            |     2 |       ||     2
 Armour: Leather armour    |     4 |     6 ||    10
  Dodge: Dodged            |    32 |    18 ||    50
